 Dungeon Crawl Stone Soup version 0.26-a0-49-g0e6732e0a6 (webtiles) character file.

Game seed: 4514938763852677941

1953 Maedhros the Martial Artist (level 9, -15/87 HPs)
             Began as an Octopode Artificer on June 4, 2020.
             Was a Believer of Cheibriados.
             Demolished by a spark wasp (glowing shapeshifter) (16 damage)
             ... on level 9 of the Dungeon.
             The game lasted 00:18:37 (3902 turns).

Maedhros the Martial Artist (Octopode Artificer)    Turns: 3902, Time: 00:18:38

Health: -15/87     AC:  1    Str: 23    XL:     9   Next: 19%
Magic:  20/20      EV: 16    Int: 18    God:    Cheibriados [**....]
Gold:   288        SH:  0    Dex: 20    Spells: 8/8 levels left

rFire    . . .     SeeInvis .     - Unarmed
rCold    . . .     Gourm    .   (no shield)
rNeg     . . .     Faith    .   (helmet restricted)
rPois    .         Spirit   .   (no amulet)
rElec    .         Reflect  .   n - ring of magical power
rCorr    .         Harm     .   m - +6 ring of strength
MR       .....                  (no ring)
Stlth    ..........             (no ring)
HPRegen  0.24/turn              (no ring)
MPRegen  0.17/turn              (no ring)
                                (no ring)
                                (no ring)

@: berserking (expiring), very slightly contaminated, very slow
A: almost no armour, stealthy swim, amphibious, 8 rings, constrict 8, antennae
1, camouflage 1, deterioration 1, gelatinous body 1
a: Bend Time, Renounce Religion


You were on level 9 of the Dungeon.
You worshipped Cheibriados.
Cheibriados was pleased with you.
You were hungry.

You visited 2 branches of the dungeon, and saw 10 of its levels.

You collected 288 gold pieces.

Inventory:

Hand Weapons
 a - a +0 short sword
 j - a +0 hunting sling
 t - a +2 halberd of venom
Missiles
 u - 36 poisoned darts (quivered)
Jewellery
 m - a +6 ring of strength (right tentacle)
 n - a ring of magical power (left tentacle)
Wands
 b - a wand of iceblast (8)
Scrolls
 d - a scroll of identify
 e - 2 scrolls of remove curse
 h - 5 scrolls of enchant weapon
 i - 3 scrolls of immolation
 l - 2 scrolls of magic mapping
 r - a scroll of fog
Potions
 g - 2 potions of curing
 p - a potion of stabbing
 s - 3 potions of ambrosia
 v - 2 potions of flight
 w - a potion of brilliance {unknown}
 z - 3 potions of heal wounds
 A - a potion of cancellation {unknown}
Comestibles
 f - 11 rations


   Skills:
 + Level 3.8 Fighting
 - Level 1.0 Short Blades
 + Level 4.1 Dodging
 - Level 6.0 Stealth
 + Level 9.5 Unarmed Combat
 - Level 3.2 Evocations


You had 8 spell levels left.
You didn't know any spells.
Your spell library was empty.

Dungeon Overview and Level Annotations

Branches:
Dungeon (9/15)             Temple (1/1) D:6
   Lair: D:8-11         Orc: D:9-12

Altars:
Cheibriados
Dithmenos
Gozag
Kikubaaqudgha
Nemelex Xobeh
Qazlal
Sif Muna
Uskayaw
Vehumet
Wu Jian
Xom
Yredelemnul
Zin
The Shining One


Innate Abilities, Weirdness & Mutations

You cannot wear most types of armour.
You are very stealthy in the water. (Stealth+)
You are amphibious.
You can wear up to eight rings at the same time.
You can use your tentacles to constrict eight enemies at once.
Your skin changes colour to match your surroundings (Stealth+).
Your rubbery body absorbs attacks. (AC +1, EV +1)
You have a pair of small antennae on your head.
Your body sometimes deteriorates upon taking damage.


Message History

You squeeze the spark wasp.
The spark wasp is moderately wounded.
You constrict the spark wasp. The spark wasp barely misses you.
You barely miss the spark wasp. Your squeeze misses the spark wasp.
The spark wasp is moderately wounded.
You constrict the spark wasp. The spark wasp closely misses you.
You completely miss the spark wasp.
The spark wasp is moderately wounded.
You constrict the spark wasp, but do no damage.
The spark wasp stings you!!
* * * LOW HITPOINT WARNING * * *
The spark wasp shocks you!
* * * LOW HITPOINT WARNING * * *
You tentacle-slap the spark wasp. You squeeze the spark wasp!!
The spark wasp is severely wounded.
You constrict the spark wasp, but do no damage.
The spark wasp stings you.
* * * LOW HITPOINT WARNING * * *
The spark wasp shocks you!
You die...

#...........#
#<........#
#..(......#
#.........#
#.........#
#.........#
#.........#
#.........#
#....@....#
#....y....#
#?........#
#.........#
.............
###############


You could see a spark wasp shaped shifter.

Vanquished Creatures
  A hippogriff (D:4)
  Sigmund (D:3)
  A water moccasin (D:8)
  An ice beast (D:5)
  An ogre (D:5)
  A sky beast (D:5)
  6 killer bees (D:7)
  A bullfrog (D:7)
  A howler monkey (D:5)
  3 crimson imps
  4 hounds
  A bullfrog zombie (D:5)
  An orc priest (D:3)
  A bullfrog skeleton (D:8)
  An iguana (D:5)
  An orc wizard (D:5)
  4 worker ants
  11 gnolls
  6 adders
  A shadow imp (D:6)
  3 dart slugs
  9 orcs
  2 ball pythons
  7 giant cockroaches
  5 goblins
  2 hobgoblins (D:2)
  9 jackals
  4 quokkas
  3 bats
  5 frilled lizards
  6 kobolds
  5 rats
108 creatures vanquished.

Vanquished Creatures (collateral kills)
  A bullfrog (D:7)
  A killer bee (D:7)
  A bullfrog skeleton (D:6)
  A worker ant (D:6)
  A kobold (D:3)
5 creatures vanquished.

Vanquished Creatures (others)
  4 killer bees (D:7)
  A centaur (D:6)
  A bullfrog skeleton (D:5)
  A fungus (D:8)
  13 plants (D:8)
20 creatures vanquished.

Grand Total: 133 creatures vanquished

Notes
Turn   | Place    | Note
-------+----------+-------------------------------------------
     0 | D:1      | Maedhros the Octopode Artificer began the quest for the
                  | Orb.
     0 | D:1      | Reached XP level 1. HP: 13/13 MP: 3/3
   110 | D:2      | Reached XP level 2. HP: 1/18 MP: 4/4
   150 | D:3      | Reached XP level 3. HP: 5/23 MP: 5/5
   271 | D:3      | Reached skill level 5 in Stealth
   339 | D:3      | Noticed Sigmund
   348 | D:3      | Killed Sigmund
   348 | D:3      | Reached skill level 3 in Unarmed Combat
   348 | D:3      | Reached XP level 4. HP: 6/28 MP: 6/6
   348 | D:3      | Reached XP level 5. HP: 7/33 MP: 7/7
   403 | D:4      | Found a shimmering blue altar of Sif Muna.
   403 | D:4      | Found a glowing silver altar of Zin.
   406 | D:4      | Found a radiant altar of Vehumet.
   412 | D:4      | Reached XP level 6. HP: 16/38 MP: 8/8
   445 | D:4      | Reached skill level 4 in Unarmed Combat
   586 | D:4      | Noticed a hippogriff
   598 | D:4      | Killed a hippogriff
   598 | D:4      | Reached skill level 5 in Unarmed Combat
   598 | D:4      | Reached XP level 7. HP: 24/43 MP: 9/9
   670 | D:5      | Entered Level 5 of the Dungeon
   720 | D:5      | Reached skill level 6 in Unarmed Combat
   765 | D:5      | Reached skill level 7 in Unarmed Combat
   918 | D:5      | Reached XP level 8. HP: 38/48 MP: 10/10
   926 | D:5      | Reached skill level 8 in Unarmed Combat
  1014 | D:5      | Found an opulent altar of Gozag.
  1298 | D:6      | Found a stormy altar of Qazlal.
  1299 | D:6      | Found a shimmering altar of Xom.
  1303 | D:6      | Found a glowing golden altar of the Shining One.
  1308 | D:6      | Became a worshipper of Xom of Chaos
  1603 | D:5      | XOM: cloud trail
  1702 | D:5      | Found a sparkling altar of Nemelex Xobeh.
  1830 | D:6      | Found a staircase to the Ecumenical Temple.
  1886 | Temple   | Entered the Ecumenical Temple
  1920 | Temple   | Fell from the grace of Xom
  1920 | Temple   | Became a worshipper of Cheibriados the Contemplative
  2526 | D:1      | Reached * piety under Cheibriados
  2664 | D:2      | Found a faded altar of an unknown god.
  2885 | D:2      | XOM: stat loss: -3 Int (12/15)
  3109 | D:7      | Found a shadowy altar of Dithmenos.
  3348 | D:7      | Reached ** piety under Cheibriados
  3355 | D:7      | Reached skill level 9 in Unarmed Combat
  3520 | D:7      | XOM: 1-stop teleportation journey
  3620 | D:7      | Reached XP level 9. HP: 47/56 MP: 11/11
  3732 | D:7      | XOM: give mutations
  3732 | D:7      | Gained mutation: You have a pair of small antennae on your
                  | head. [Xom's mischief]
  3732 | D:7      | Gained mutation: Your body sometimes deteriorates upon
                  | taking damage. [Xom's mischief]
  3868 | D:8      | Noticed a two-headed ogre
  3888 | D:9      | Noticed a glowing shapeshifter
  3888 | D:9      | a bullfrog changed into a glowing shapeshifter
  3888 | D:9      | XOM: polymorph bullfrog -> glowing shapeshifter
  3891 | D:9      | a glowing shapeshifter changed into a floating eye
  3892 | D:9      | Noticed a deep troll
  3892 | D:9      | a snapping turtle changed into a deep troll
  3894 | D:9      | a deep troll changed into a slime creature
  3896 | D:9      | Noticed an alligator
  3896 | D:9      | a slime creature changed into an alligator
  3896 | D:9      | Noticed an entropy weaver
  3896 | D:9      | an alligator changed into an entropy weaver
  3898 | D:9      | Noticed a spark wasp
  3898 | D:9      | an entropy weaver changed into a spark wasp
  3901 | D:9      | HP: 4/87 [spark wasp (glowing shapeshifter) (17)]
  3902 | D:9      | HP: 1/87 [spark wasp (glowing shapeshifter) (3)]
  3902 | D:9      | Demolished by a spark wasp (glowing shapeshifter)

Illustrated notes

Levels and vault maps discovered:
D:1:      dpeg_arrival_snail, layout_basic
D:2:      layout_loops_ring, lemuel_round_altar, lemuel_coloured_pillars_altar,
          chequers_ecumenical_altar_grove
D:3:      layout_loops_cross, first_ration, uniq_sigmund, uniq_jessica,
          uniq_natasha
D:4:      layout_basic, chequers_temple_overflow_statue_of_worship
D:5:      minmay_chambers_of_threes, layout_loops_ring, kennysheep_mini_moat,
          kennysheep_little_box
D:6:      layout_basic, gammafunk_temple_overflow_forgotten,
          minmay_temple_entry_arrows
D:7:      layout_loops_cross, nicolae_dithmenos_through_a_glass_darkly
D:8:      layout_loops_corners, minmay_lair_entry_grove
D:9:      layout_long_grid, nicolae_ru_sacrificial_ziggurat, grunt_pizzeria,
          chequers_big_river, uniq_grum
Temple:   minmay_temple_curvy_loop

Skill      XL: |  1  2  3  4  5  6  7  8  9 |
---------------+----------------------------+-----
Stealth        | 2 4 6 |  6.0
Unarmed Combat | 3 5 7 9 |  9.5
Fighting       | 3 |  3.8
Dodging        | 3 4 |  4.1
Short Blades   | |  1.0
Evocations     | |  3.2

Action                   |  1- 3 |  4- 6 |  7- 9 || total
-------------------------+-------+-------+-------++-------
Melee: Short sword       |    18 |       |       ||    18
       Constrict         |     7 |     3 |    40 ||    50
       Tentacles         |     2 |     3 |    36 ||    41
       Dagger            |     7 |    12 |   124 ||   143
       Punch             |       |       |     9 ||     9
       Unarmed           |       |       |    20 ||    20
Evoke: Wand              |     4 |       |    28 ||    32
  Use: Potion            |     4 |       |     2 ||     6
       Scroll            |       |       |    15 ||    15
 Stab: Sleeping          |     4 |     4 |    23 ||    31
  Eat: Chunk             |       |       |     7 ||     7
Armor: Skin              |     2 |       |     6 ||     8
Dodge: Dodged            |    13 |     6 |    74 ||    93

Table legend:
 A = Non-vault XP
 B = Vault XP
 C = Vault XP percentage of total XP
 D = Non-vault monster count
 E = Vault monster count
 F = Vault count percentage of total count
                 A         B        C        D         E       F
            +---------+---------+-------+---------+---------+-------
      Total |    1947 |     844 |  30.2 |     103 |      11 |   9.6
            +---------+---------+-------+---------+---------+-------
        D:1 |      33 |       0 |   0.0 |      19 |       0 |   0.0
        D:2 |      31 |       0 |   0.0 |      12 |       0 |   0.0
        D:3 |      74 |     227 |  75.4 |      11 |       1 |   8.3
        D:4 |     462 |       0 |   0.0 |      10 |       0 |   0.0
        D:5 |     199 |     466 |  70.1 |       8 |       9 |  52.9
        D:6 |     195 |       0 |   0.0 |      15 |       0 |   0.0
        D:7 |     872 |       0 |   0.0 |      26 |       0 |   0.0
        D:8 |      81 |     151 |  65.1 |       2 |       1 |  33.3
            +---------+---------+-------+---------+---------+-------
